 Dungeon Crawl Stone Soup version 0.20.1-1-g8b1a95d (webtiles) character file.

14 thejackel the Cutter (level 2, 0/23 HPs)
             Began as a Vampire Chaos Knight on Nov 16, 2017.
             Slain by a gnoll
             ... wielding a +0 halberd
              (7 damage)
             ... on level 2 of the Dungeon.
             The game lasted 00:10:04 (1677 turns).

thejackel the Cutter (Vampire Chaos Knight)         Turns: 1677, Time: 00:10:08

Health: 0/23       AC:  5    Str: 11    XL:     2   Next: 27%
Magic:  2/2        EV: 12    Int: 14    God:    Xom [*.....]
Gold:   37         SH:  0    Dex: 13    Spells: 1/1 levels left

rFire    . . .     SeeInvis +   i - +0 dagger
rCold    + . .     Gourm    .   (no shield)
rNeg     + + .     Faith    .   b - +2 leather armour
rPois    +         Spirit   .   (no helmet)
rElec    .         Reflect  .   (no cloak)
rCorr    .         Harm     .   (no gloves)
MR       .....                  (no boots)
Stlth    +++.......             k - amulet of magic regeneration
Regen    0.1/turn               (no ring)
MPRegen  0.2/turn               (no ring)

@: regenerating slowly, drained
A: fangs 3, see invisible, unbreathing
a: Renounce Religion


You were on level 2 of the Dungeon.
You worshipped Xom.
You were a special plaything of Xom.
You were near bloodless.

You visited 1 branch of the dungeon, and saw 2 of its levels.

You collected 37 gold pieces.

Inventory:

Hand Weapons
 a - a +0 short sword of chaos
 i - a +0 dagger (weapon)
Missiles
 l - 16 poisoned needles
Armour
 b - a +2 leather armour (worn)
Jewellery
 k - an amulet of magic regeneration (around neck)
Scrolls
 g - a scroll of identify {unknown}
 h - a scroll of remove curse {unknown}
 j - a scroll of random uselessness {unknown}
Potions
 c - a potion of blood
 d - a potion of ambrosia {unknown}
 e - a potion of flight {unknown}
 f - a potion of resistance {unknown}
 m - a potion of heal wounds {unknown}


   Skills:
 - Level 2.6(2.4) Fighting
 - Level 3.4(3.1) Short Blades
 - Level 0.7(0.4) Armour
 + Level 2.5(2.3) Dodging
 * Level 2.2(2.0) Stealth


You had one spell level left.
You didn't know any spells.

Dungeon Overview and Level Annotations

Branches:
Dungeon (2/15)

Altars:


Innate Abilities, Weirdness & Mutations

You heal slowly.
You have razor-sharp teeth.
You have supernaturally acute eyesight. (SInv)
You can survive without breathing.


Message History

The gnoll is heavily wounded.
The gnoll barely misses you.
You hit the gnoll.
The gnoll is severely wounded.
The gnoll hits you from afar with a halberd.
* * * LOW HITPOINT WARNING * * *
The gnoll shouts!
You hit the gnoll but do no damage.
The gnoll is severely wounded.
The gnoll barely misses you. x2
You barely miss the gnoll.
The gnoll is severely wounded.
The gnoll closely misses you.
You closely miss the gnoll.
The gnoll is severely wounded. "You have grown too confident for your meagre worth."
You partially resist.
You feel drained.
The gnoll hits you from afar with a halberd!
You die...
Xom howls with laughter!

... ... #.##.. #.>.. .
#... .....# #w.
......# #.# ..###..#
###.##..... ...
#@gw..g.... ..#
#....g#g###.#####.####
#######.# #<..........
#.# #g# #.# #.#
#.#########.#
#...g.......#
#############


You could see a worm and 4 gnolls.

Vanquished Creatures
  A giant cockroach (D:1)
  3 hobgoblins
  3 jackals (D:1)
  A bat (D:1)
  A frilled lizard (D:1)
  2 kobolds
  A rat (D:2)
12 creatures vanquished.

Notes
Turn   | Place    | Note
-------+----------+-------------------------------------------
     0 | D:1      | thejackel the Vampire Chaos Knight began the quest for the Orb.
     0 | D:1      | Reached XP level 1. HP: 17/17 MP: 1/1
   183 | D:1      | Reached skill level 1 in Stealth
   208 | D:1      | XOM: harmless Necr miscast
   270 | D:1      | XOM: divination: magic mapping
   283 | D:1      | XOM: harmless Summ miscast
   536 | D:1      | XOM: divination: detect creatures
   541 | D:1      | XOM: mild Erth miscast
   550 | D:1      | Reached XP level 2. HP: 16/23 MP: 2/2
   760 | D:2      | XOM: harmless Erth miscast
   916 | D:2      | XOM: silly message
  1677 | D:2      | XOM: draining
  1677 | D:2      | Slain by a gnoll

Skill      XL: |  1  2 |
---------------+-------+-----
Stealth        | 1 2 |  2.2
Fighting       | |  2.6
Short Blades   | |  3.4
Armour         | |  0.7
Dodging        | |  2.5

Action                   || total
-------------------------++-------
Melee: Dagger            ||    55
       Short sword       ||    13
       Bite              ||    12
Armor: Leather armour    ||    17
Dodge: Dodged            ||    44
